 Dungeon Crawl Stone Soup version 0.24-a0-445-gd5110b0 (webtiles) character file.

Game seed: 11093091070685305481

21 pikmin25 the Firebug (level 2, 0/15 HPs)
             Began as a Deep Elf Fire Elementalist on June 23, 2019.
             Slain by a goblin
             ... wielding a +0 dagger
              (2 damage)
             ... on level 1 of the Dungeon.
             The game lasted 00:03:00 (327 turns).

pikmin25 the Firebug (Deep Elf Fire Elementalist)    Turns: 327, Time: 00:03:00

Health: 0/15       AC:  2    Str: 10    XL:     2   Next: 65%
Magic:  1/8        EV: 13    Int: 19    God:
Gold:   20         SH:  0    Dex: 15    Spells: 5/8 levels left

rFire    . . .     SeeInvis .   b - +3 dagger
rCold    . . .     Gourm    .   (no shield)
rNeg     . . .     Faith    .   a - +0 robe
rPois    .         Spirit   .   (no helmet)
rElec    .         Reflect  .   (no cloak)
rCorr    .         Harm     .   (no gloves)
MR       .....                  (no boots)
Stlth    ++........             (no amulet)
HPRegen  0.05/turn              (no ring)
MPRegen  0.11/turn              (no ring)

@: mighty
A: no striking features
a: no special abilities


You were on level 1 of the Dungeon.
You were not hungry.

You visited 1 branch of the dungeon, and saw 1 of its levels.

You collected 20 gold pieces.

Inventory:

Hand Weapons
 b - a +3 dagger (weapon)
Armour
 a - a +0 robe (worn)
 e - a +0 pair of gloves
Scrolls
 g - a scroll of random uselessness {unknown}
Comestibles
 c - 2 rations
 d - 2 chunks of flesh


   Skills:
 + Level 2.4 Dodging
 + Level 2.4 Stealth
 * Level 3.5 Spellcasting
 + Level 1.1 Conjurations
 * Level 4.0 Fire Magic


You had 5 spell levels left.
You knew the following spells:

 Your Spells              Type           Power        Failure   Level  Hunger
a - Flame Tongue          Conj/Fire      ##...        4%          1    None
b - Throw Flame           Conj/Fire      ##....       8%          2    ##.....

Your spell library contained the following spells:

 Spells                   Type           Power        Failure   Level  Hunger
 Conjure Flame            Conj/Fire      ##......     16%         3    ###....
 Inner Flame              Hex/Fire       ##......     19%         3    ###....
 Sticky Flame             Conj/Fire      ##......     45%         4    ####...
 Fireball                 Conj/Fire      ##........   80%         5    ######.


Dungeon Overview and Level Annotations

Branches:
Dungeon (1/15)

Altars:


Message History

The jackal bites you. The goblin hits you with a +0 dagger.
The jackal closely misses you.
Casting: Flame Tongue (safe; 4% risk of failure)
Confirm with . or Enter, or press ? or * to list all spells.
Aiming: Flame Tongue (safe; 4% risk of failure)
Press: ? - help, Shift-Dir - straight line, f/p - goblin
Aim: a goblin, wielding a +0 dagger (heavily wounded)
The flame tongue hits the jackal but does no damage.
The jackal is severely wounded.
The jackal bites you. x2
* * * LOW HITPOINT WARNING * * *
The goblin misses you.
The jackal bites you but does no damage.
The jackal closely misses you. The jackal barely misses you.
The jackal bites you.
* * * LOW HITPOINT WARNING * * *
It was a potion of might.
You feel very mighty all of a sudden. The jackal misses you.
The goblin hits you with a +0 dagger.
You die...

#...................
...........###....#
#.......#...#....####
#.###.#.###.........#
. ..#....###........##
.....#...#..........
#........l.......# #
.###..#....gh#..####
## #.###.......@###.#
.# #...#...#.#...##.#
.####.#.###..........#
.....................#
.#..#.##...###.......#
>.#.†..###.###....##.#
#..........##...#÷##.#
#####
#..........##..÷#.##.#
##...#
#..†.......##...#..#.#
###.....


You could see a leopard gecko, a jackal and a goblin.

Vanquished Creatures
  4 leopard geckos (D:1)
  4 goblins (D:1)
  3 jackals (D:1)
  A kobold (D:1)
  2 bats (D:1)
  A frilled lizard (D:1)
15 creatures vanquished.

Notes
Turn   | Place    | Note
-------+----------+-------------------------------------------
     0 | D:1      | pikmin25 the Deep Elf Fire Elementalist began the quest for
                  | the Orb.
     0 | D:1      | Reached XP level 1. HP: 10/10 MP: 6/6
    94 | D:1      | Reached XP level 2. HP: 11/15 MP: 0/8
   100 | D:1      | Learned a level 2 spell: Throw Flame
   219 | D:1      | Reached skill level 4 in Fire Magic
   327 | D:1      | Slain by a goblin

Levels and vault maps discovered:
D:1:      dpeg_arrival_renting, layout_rooms, serial_park_tiny_1

Skill      XL: |  1  2 |
---------------+-------+-----
Fire Magic     | 4 |  4.0
Dodging        | |  2.4
Stealth        | |  2.4
Spellcasting   | |  3.5
Conjurations   | |  1.1

Action                   || total
-------------------------++-------
Melee: Dagger            ||    16
 Cast: Flame Tongue      ||    24
       Throw Flame       ||     2
  Use: Potion            ||     1
Armor: Robe              ||     8
Dodge: Dodged            ||    31

Table legend:
 A = Non-vault XP
 B = Vault XP
 C = Vault XP percentage of total XP
 D = Non-vault monster count
 E = Vault monster count
 F = Vault count percentage of total count
                 A         B        C        D         E       F
            +---------+---------+-------+---------+---------+-------
      Total |      31 |       0 |   0.0 |      15 |       0 |   0.0
            +---------+---------+-------+---------+---------+-------
        D:1 |      31 |       0 |   0.0 |      15 |       0 |   0.0
            +---------+---------+-------+---------+---------+-------
